 Dungeon Crawl Stone Soup version 0.23.1 (webtiles) character file.

Game seed: 784767216844991197

129 Monsterracer the Chopper (level 4, 0/35 HPs)
             Began as a Demonspawn Gladiator on Mar 8, 2019.
             Succumbed to Crazy Yiuf's poison
             ... on level 2 of the Dungeon.
             The game lasted 00:01:52 (2567 turns).

Monsterracer the Chopper (Demonspawn Gladiator)     Turns: 2567, Time: 00:01:53

Health: 0/35       AC:  9    Str: 15    XL:     4   Next: 88%
Magic:  4/4        EV:  7    Int: 10    God:
Gold:   138        SH:  0    Dex: 14    Spells: 3/3 levels left

rFire    . . .     SeeInvis .   a - +0 war axe
rCold    . . .     Gourm    .   (no shield)
rNeg     . . .     Faith    .   m - +0 chain mail
rPois    .         Spirit   .   (helmet restricted)
rElec    .         Reflect  .   (no cloak)
rCorr    .         Harm     .   (no gloves)
MR       .....                  f - +0 pair of boots
Stlth    ..........             (no amulet)
HPRegen  0.11/turn              (no ring)
MPRegen  0.09/turn              (no ring)

@: lethally poisoned (0 -> -8), lightly drained
A: antennae 2
a: no special abilities


You were on level 2 of the Dungeon.
You were very hungry.

You visited 1 branch of the dungeon, and saw 2 of its levels.

You collected 138 gold pieces.


Innate Abilities, Weirdness & Mutations

You have a pair of antennae on your head.


   Skills:
 + Level 3.4(3.2) Fighting
 * Level 4.4(4.1) Axes
 - Level 1.7(1.5) Throwing
 - Level 2.6(2.4) Dodging


You had 3 spell levels left.
You didn't know any spells.
Your spell library was empty.

Inventory:

Hand Weapons
 a - a +0 war axe (weapon)
Missiles
 d - 3 throwing nets (quivered) {!f}
Armour
 f - a +0 pair of boots (worn)
   (You found it on level 1 of the Dungeon)
 m - a +0 chain mail (worn)
   (You took it off Terence on level 2 of the Dungeon)
Scrolls
 b - a scroll of teleportation {unknown}
 e - 3 scrolls of amnesia {unknown}
 g - 3 scrolls of identify {unknown}
 h - 3 scrolls of remove curse {unknown}
 k - 3 scrolls of blinking {unknown}
Potions
 i - a potion of heal wounds {unknown}
 j - a potion of degeneration {unknown}
 l - 2 potions of curing {unknown}
 n - a potion of flight {unknown}
Comestibles
 c - 3 rations

Dungeon Overview and Level Annotations

Branches:
Dungeon (2/15)

Altars:

Annotations:
D:2 Crazy Yiuf

....#.###...##......##.## #....
........#.#....<.##.##..# #####
....#.#...#......##..##.## #
......#..........###..#..### #
####..##.#..)....# ##[....)# ###
#...........### ####.#.####..
#.##.###.....########........#
#.#..# #..##.............#####
#.#.## #....g@#########....##
##.#.####..##.....########.(>##
#..#.##....######.......##.....
##.#..#..##...#..........##.....
#..#.##.#####........(.).)##....
#.#..##<# #......)()...).(....
#.#.##..# #...........)÷......
#.#.##.### #.....÷.........###.
#.##.....# #..............## #.


You could see Crazy Yiuf.


Message History

Health restored: 35 A hobgoblin is nearby!
A hobgoblin is nearby!
A hobgoblin is nearby!
Your chain mail prevents you from hitting the hobgoblin.
The hobgoblin hits you but does no damage.
You closely miss the hobgoblin. The hobgoblin barely misses you.
A hobgoblin is nearby!
You slash the hobgoblin!
You kill the hobgoblin!
Key pressed, stopping explore.
No target in view!
Key pressed, stopping explore.
No target in view!
No target in view!
There is an open door here.
Key pressed, stopping explore.
No target in view!
A rat comes into view.
A rat is nearby!
The rat bites you.
You take 1 damage, and have 34/35 hp.
You closely miss the rat. The rat closely misses you.
The rat bites you but does no damage.
A rat is nearby!
You closely miss the rat. The rat barely misses you.
A rat is nearby!
You slash the rat!
You kill the rat!
Health restored: 35 Key pressed, stopping explore.
No target in view!
No target in view!
You are feeling hungry.
Found a robe.
No target in view!
You see here a robe.
You see here a robe.
Key pressed, stopping explore.
Done exploring.
Done exploring.
You are feeling very hungry.
There is a stone staircase leading down here.
You climb downwards.
Level annotation: Crazy Yiuf
There is a stone staircase leading up here.
There is an open translucent door here.
Done exploring.
There is an open translucent door here.
There is a stone staircase leading up here.
What are your orders? t - Shout!
Orders for allies: a - Attack new target. r - Retreat! s - Stop attacking. g - Guard the area. f - Follow me.
Anything else - Cancel.
You shout for attention!
Crazy Yiuf screams, "Papa sallow broken!"
Your chain mail prevents you from hitting Crazy Yiuf.
Crazy Yiuf hits you but does no damage.
You feel drained.
You closely miss Crazy Yiuf.
Crazy Yiuf hits you with a +3 quarterstaff of chaos.
Crazy Yiuf freezes you.
You take 6 damage, and have 29/35 hp.
You slash Crazy Yiuf!
Crazy Yiuf is severely wounded.
Crazy Yiuf hits you with a +3 quarterstaff of chaos!
You are poisoned.
You take 8 damage, and have 21/35 hp.
MASSIVE DAMAGE!!
You are too injured to fight recklessly!
You closely miss Crazy Yiuf.
Crazy Yiuf is severely wounded.
You feel sick.
Crazy Yiuf cries, "Hack!"
Crazy Yiuf hits you with a +3 quarterstaff of chaos.
* * * LOW HITPOINT WARNING * * *
Crazy Yiuf hits you with a +3 quarterstaff of chaos!
* * * LOW HITPOINT WARNING * * *
You take 14 damage, and have 7/35 hp.
MASSIVE DAMAGE!!
You barely miss Crazy Yiuf.
Crazy Yiuf is severely wounded.
* * * LOW HITPOINT WARNING * * *
You feel sick. Crazy Yiuf hits you but does no damage.
You take 1 damage, and have 6/35 hp.
You barely miss Crazy Yiuf.
Crazy Yiuf is severely wounded.
* * * LOW HITPOINT WARNING * * *
You feel sick. Crazy Yiuf closely misses you.
You take 1 damage, and have 5/35 hp.
You hit Crazy Yiuf.
Crazy Yiuf is almost dead.
* * * LOW HITPOINT WARNING * * *
You feel sick.
Crazy Yiuf grits, "Goldfish disdain shoe!"
Crazy Yiuf hits you with a +3 quarterstaff of chaos.
* * * LOW HITPOINT WARNING * * *
You take 4 damage, and have 1/35 hp.
Your chain mail prevents you from hitting Crazy Yiuf.
Crazy Yiuf is almost dead.
You die...

Skill      XL: |  1  2  3 |
---------------+----------+-----
Axes           | 3 4 |  4.4
Fighting       | 3 |  3.4
Throwing       | |  1.7
Dodging        | |  2.6

Action                   |  1- 3 |  4- 6 || total
-------------------------+-------+-------++-------
Melee: War axe           |    99 |    39 ||   138
  Eat: Chunk             |     1 |     3 ||     4
Armor: Leather armour    |    15 |       ||    15
       Ring mail         |    37 |     4 ||    41
       Chain mail        |       |    14 ||    14
Dodge: Dodged            |    66 |    18 ||    84

Levels and vault maps discovered:
D:1:      elethiomel_arrival_maze, layout_basic
D:2:      layout_rooms, first_ration, minmay_crystal_water, uniq_terence,
          uniq_robin, uniq_crazy_yiuf_cottage

Notes
Turn   | Place    | Note
-------+----------+-------------------------------------------
     0 | D:1      | Monsterracer the Demonspawn Gladiator began the quest for
                  | the Orb.
     0 | D:1      | Reached XP level 1. HP: 16/16 MP: 1/1
   235 | D:1      | Reached skill level 3 in Axes
   294 | D:1      | Gained mutation: You have a pair of small antennae on your
                  | head. [demonic ancestry]
   294 | D:1      | Reached XP level 2. HP: 23/23 MP: 2/2
   688 | D:1      | You fall through a shaft!
   742 | D:2      | Reached XP level 3. HP: 18/28 MP: 3/3
   749 | D:2      | HP: 14/28 [poisoned by an adder]
   754 | D:2      | HP: 12/28 [poisoned by an adder]
   761 | D:2      | HP: 11/28 [poisoned by an adder]
   769 | D:2      | HP: 10/28 [poisoned by an adder]
  1041 | D:2      | Noticed Robin
  1053 | D:2      | Killed Robin
  1140 | D:2      | Noticed Terence
  1155 | D:2      | Killed Terence
  1155 | D:2      | Reached skill level 4 in Axes
  1155 | D:2      | Gained mutation: You have a pair of antennae on your head.
                  | [demonic ancestry]
  1155 | D:2      | Reached XP level 4. HP: 23/35 MP: 4/4
  1164 | D:2      | HP: 17/35 [poisoned by an adder]
  1172 | D:2      | HP: 16/35 [poisoned by an adder]
  1577 | D:2      | Found a runed translucent door.
  1578 | D:2      | Noticed Crazy Yiuf
  1866 | D:2      | HP: 15/35 [Crazy Yiuf/+3 quarterstaff of chaos (11)]
  2563 | D:2      | HP: 14/35 [Crazy Yiuf/+3 quarterstaff of chaos (5)]
  2564 | D:2      | HP: 6/35 [poisoned by Crazy Yiuf]
  2566 | D:2      | HP: 1/35 [Crazy Yiuf/+3 quarterstaff of chaos (4)]
  2567 | D:2      | Succumbed to Crazy Yiuf's poison

Vanquished Creatures
  An iguana (D:2)
  Terence (D:2)
  Robin (D:2)
  2 adders (D:2)
  A dart slug (D:2)
  3 leopard geckos (D:1 D:2)
  2 giant cockroaches (D:1 D:2)
  11 goblins (D:1 D:2)
  7 hobgoblins (D:1 D:2)
  9 bats (D:1 D:2)
  A frilled lizard (D:1)
  A kobold (D:1)
  7 rats (D:1 D:2)
47 creatures vanquished.

Table legend:
 A = Turns spent in this place as a percentage of turns spent in the entire game.
 B = Non-inter-level travel turns spent in this place as a percentage of non-inter-level travel turns spent in the entire game.
 C = Inter-level travel turns spent in this place as a percentage of turns spent in this place.
 D = Turns resting spent in this place as a percentage of non-inter-level travel turns spent in this place.
 E = Turns spent auto-exploring this place as a percentage of non-inter-level travel turns spent in this place.
 F = Non-inter-level travel turns spent in this place divided by the number of levels of this place that you've seen.
                   A       B       C       D       E      F
               +-------+-------+-------+-------+-------+----------------------
         Total | 100.0 | 100.0 |   4.2 |   3.3 |  82.6 | 1230.0
       Dungeon | 100.0 | 100.0 |   4.2 |   3.3 |  82.6 | 1230.0
               +-------+-------+-------+-------+-------+----------------------

Table legend:
 A = Non-vault XP
 B = Vault XP
 C = Vault XP percentage of total XP
 D = Non-vault monster count
 E = Vault monster count
 F = Vault count percentage of total count
                 A         B        C        D         E       F
            +---------+---------+-------+---------+---------+-------
      Total |     115 |      70 |  37.8 |      34 |      13 |  27.7
            +---------+---------+-------+---------+---------+-------
        D:1 |      31 |       0 |   0.0 |      20 |       0 |   0.0
        D:2 |      84 |      70 |  45.5 |      14 |      13 |  48.1
            +---------+---------+-------+---------+---------+-------
